 Dungeon Crawl Stone Soup version 0.28.0-55-gcd9437bce4 (webtiles) character file.

Game seed: 3798013148200712756

1108 nerdsy the Covered (level 8, -4/73 HPs)
             Began as a Deep Dwarf Fighter on Jan 2, 2023.
             Slain by a two-headed ogre
             ... wielding a +0 dire flail
              (6 damage)
             ... on level 6 of the Dungeon.
             The game lasted 00:17:27 (4429 turns).

nerdsy the Covered (Deep Dwarf Fighter)             Turns: 4429, Time: 00:17:27

Health: -4/73      AC:  8    Str: 23    XL:     8   Next: 11%
Magic:  4/4        EV: 16    Int:  8    God:
Gold:   178        SH:  0    Dex: 12    Spells: 7/7 levels left

rFire   . . .      SeeInvis .   E - +2 arbalest (vorpal)
rCold   . . .      Faith    .   (shield currently unavailable)
rNeg    . . .      Spirit   .   w - +1 ring mail {Will+}
rPois   .          Reflect  .   (no helmet)
rElec   .          Harm     .   (no cloak)
rCorr   .          Rampage  .   (no gloves)
Will    ++...                   j - +0 pair of boots
Stlth   +.........              z - amulet of magic regeneration
HPRegen 0.00/turn               C - +4 ring of evasion
MPRegen 0.49/turn               (no ring)

@: no status effects
A: damage resistance, heal wounds, sense surroundings 1, no regeneration
a: Heal Wounds


You were on level 6 of the Dungeon.
You visited 1 branch of the dungeon, and saw 6 of its levels.

You collected 268 gold pieces.
You spent 90 gold pieces at shops.

Inventory:

Hand Weapons
 b - a +0 mace of protection
 y - a +0 short sword of freezing
 B - a +1 dagger of venom
 E - a +2 vorpal arbalest (weapon)
Missiles
 e - 35 bolts (quivered ammo)
 f - 178 stones
 h - 15 sling bullets
 n - 87 arrows
 r - 17 poisoned darts
 x - 3 boomerangs
Armour
 j - a +0 pair of boots (worn)
 w - a +1 ring mail of willpower (worn)
Jewellery
 z - an amulet of magic regeneration (around neck)
 C - a +4 ring of evasion (left hand)
Wands
 A - a wand of iceblast (6)
Scrolls
 a - a scroll of amnesia
 c - a scroll of teleportation
 g - 2 scrolls of fog
 k - a scroll of magic mapping {unknown}
 v - a scroll of vulnerability
Potions
 d - a potion of might
 i - a potion of lignification {unknown}
 m - 6 potions of curing {unknown}
 o - a potion of degeneration {unknown}
 p - a potion of mutation {unknown}
 q - a potion of attraction {unknown}
 t - a potion of cancellation {unknown}
 u - 5 potions of heal wounds {unknown}


   Skills:
 + Level 4.3 Fighting
 + Level 1.9 Short Blades
 + Level 4.6 Axes
 + Level 4.0 Crossbows
 + Level 5.9 Armour
 + Level 3.3 Dodging
 + Level 0.5 Stealth
 + Level 4.5 Shields


You had 7 spell levels left.
You didn't know any spells.
Your spell library was empty.

Dungeon Overview and Level Annotations

Branches:
Dungeon (6/15)
 Temple: D:4-7

Altars:
Makhleb
Okawaru
Ru
Sif Muna
Vehumet
Wu Jian
Xom

Shops:
D:3 ?   D:4 ?


Innate Abilities, Weirdness & Mutations

You are resistant to damage.
You can heal yourself by infusing magical energy.
You passively map a small area around you.
You do not regenerate.


Message History

e - 40 bolts (gained 1)
You now have 178 gold pieces (gained 11).
A two-headed ogre comes into view.
It is wielding a +0 dire flail and a +0 giant spiked club.
The two-headed ogre shouts in stereo!
Fire: 40 bolts
Press: ? - help, Q - select action, (/) - cycle Shift-Dir - straight line, f - two-headed ogre
Aim: a two-headed ogre, wielding a +0 dire flail and a +0 giant spiked club (77% to hit)
You shoot a bolt.
The bolt barely misses the two-headed ogre.
Fire: 39 bolts
Press: ? - help, Q - select action, (/) - cycle Shift-Dir - straight line, f/p - two-headed ogre
Aim: a two-headed ogre, wielding a +0 dire flail and a +0 giant spiked club (77% to hit)
You shoot a bolt. The bolt hits the two-headed ogre!!
The two-headed ogre is heavily wounded.
The two-headed ogre misses you. x2
The two-headed ogre hits you but does no damage.
The two-headed ogre hits you with a +0 giant spiked club!
Fire: 38 bolts
Press: ? - help, Q - select action, (/) - cycle Shift-Dir - straight line, f/p - two-headed ogre
Aim: a two-headed ogre, wielding a +0 dire flail and a +0 giant spiked club (heavily wounded, 77% to hit)
You shoot a bolt. The bolt hits the two-headed ogre.
The two-headed ogre is heavily wounded.
The two-headed ogre misses you.
The two-headed ogre hits you with a +0 giant spiked club!
Fire: 37 bolts
Press: ? - help, Q - select action, (/) - cycle Shift-Dir - straight line, f/p - two-headed ogre
Aim: a two-headed ogre, wielding a +0 dire flail and a +0 giant spiked club (heavily wounded, 77% to hit)
You shoot a bolt. The bolt hits the two-headed ogre.
The two-headed ogre is heavily wounded.
The two-headed ogre hits you with a +0 dire flail!
* * * LOW HITPOINT WARNING * * *
The two-headed ogre hits you with a +0 giant spiked club!!
* * * LOW HITPOINT WARNING * * *
Fire: 36 bolts
Press: ? - help, Q - select action, (/) - cycle Shift-Dir - straight line, f/p - two-headed ogre
Aim: a two-headed ogre, wielding a +0 dire flail and a +0 giant spiked club (heavily wounded, 77% to hit)
You shoot a bolt. The bolt hits the two-headed ogre!
The two-headed ogre is almost dead.
The two-headed ogre hits you with a +0 dire flail!
You die...

,⌠ #.#..# #
, *
##....###.*
*
##.........
,
#..##..###.
, ##.....#
, ##....# *
* ##.#.# ,
#.#.# ,
*#@#.# **
#...O...#
#(#.#####
#. * * #,*
* * * * * *


You could see a two-headed ogre.

Vanquished Creatures
  A black bear (D:5)
  2 ogres (D:4)
  A centaur (D:5)
  A kobold brigand (D:4)
  A phantom (D:4)
  3 scorpions
  A water moccasin skeleton (D:5)
  A howler monkey (D:2)
  A bullfrog zombie (D:6)
  A crimson imp (D:3)
  3 jellies
  Ijyb (D:4)
  An iguana (D:4)
  9 adders
  A worm (D:3)
  An adder skeleton (D:4)
  2 dart slugs (D:1)
  7 orcs
  6 endoplasms
  4 giant cockroaches
  4 goblins
  5 hobgoblins
  5 jackals
  4 kobolds
  5 quokkas
  7 ball pythons
  7 bats
  A frilled lizard (D:3)
  A rat (D:1)
87 creatures vanquished.

Notes
Turn   | Place    | Note
-------+----------+-------------------------------------------
     0 | D:1      | nerdsy the Deep Dwarf Fighter began the quest for the Orb.
     0 | D:1      | Reached XP level 1. HP: 20/20 MP: 1/1
   239 | D:1      | Found a faded altar of an unknown god.
   549 | D:1      | Reached XP level 2. HP: 25/27 MP: 2/2
  1059 | D:2      | Reached XP level 3. HP: 30/33 MP: 3/3
  1179 | D:2      | Reached XP level 4. HP: 34/42 MP: 4/4
  1216 | D:2      | Reached skill level 4 in Armour
  1347 | D:2      | Reached skill level 1 in Dodging
  2050 | D:3      | Reached XP level 5. HP: 49/49 MP: 4/4
  2135 | D:3      | Found a radiant altar of Vehumet.
  2135 | D:3      | Found a burning altar of Makhleb.
  2310 | D:3      | Found Sompuh's Magic Scroll Emporium.
  2721 | D:4      | Noticed Ijyb
  2738 | D:4      | Killed Ijyb
  2739 | D:4      | Reached XP level 6. HP: 18/56 MP: 5/5
  2868 | D:4      | HP: 2/56 [phantom (6)]
  2932 | D:4      | Found an iron altar of Okawaru.
  2932 | D:4      | Found a shimmering altar of Xom.
  2932 | D:4      | Found an ornate altar of the Wu Jian Council.
  3277 | D:4      | Reached skill level 1 in Short Blades
  3277 | D:4      | Reached skill level 5 in Armour
  3283 | D:4      | Reached XP level 7. HP: 20/63 MP: 3/3
  3321 | D:4      | Found Diuxkafy's Magic Scroll Shop.
  3324 | D:4      | Bought a scroll of enchant weapon for 90 gold pieces
  3451 | D:4      | Found a sacrificial altar of Ru.
  3629 | D:5      | Entered Level 5 of the Dungeon
  3802 | D:5      | Reached skill level 1 in Crossbows
  3975 | D:5      | Reached XP level 8. HP: 59/73 MP: 4/4
  4207 | D:5      | Found a shimmering blue altar of Sif Muna.
  4424 | D:6      | Noticed a two-headed ogre
  4428 | D:6      | HP: 2/73 [two-headed ogre/+0 dire flail (15)]
  4429 | D:6      | Slain by a two-headed ogre

Illustrated notes

Levels and vault maps discovered:
D:1:      grunt_arrival_lava_bath, layout_basic,
          dreamdust_ecumenical_altar_hidden_monk_grotto, minmay_heptomino_w4
D:2:      layout_basic, dk_vineyard_2, nrook_mini_backslash
D:3:      layout_loops_ring, grunt_temple_overflow_lords_of_destruction,
          serial_shops, nicolae_shop_crystal
D:4:      layout_loops_cross, gammafunk_temple_overflow_claw,
          nicolae_ru_the_path_less_chosen, serial_shops, kennysheep_mini_moat,
          minmay_cut_off, uniq_ijyb
D:5:      layout_basic, general_overflow_altar
D:6:      layout_loops_ring, temple_doors_ab, serial_shops, nicolae_diamond_shop

Skill      XL: |  1  2  3  4  5  6  7  8 |
---------------+-------------------------+-----
Fighting       | 3 4 |  4.3
Axes           | 3 4 |  4.6
Armour         | 4 5 |  5.9
Dodging        | 1 2 3 |  3.3
Shields        | 4 |  4.5
Short Blades   | 1 |  1.9
Crossbows      | 3 4 |  4.0
Stealth        | |  0.5

Action                   |  1- 3 |  4- 6 |  7- 9 || total
-------------------------+-------+-------+-------++-------
Melee: War axe           |    69 |    95 |       ||   164
       Short sword       |       |   187 |       ||   187
 Fire: Arbalest          |       |       |    53 ||    53
 Abil: Heal Wounds       |       |    16 |     3 ||    19
  Use: Scroll            |       |     8 |     1 ||     9
Armor: Scale mail        |    52 |    40 |       ||    92
       Ring mail         |       |    70 |    24 ||    94
Dodge: Dodged            |    38 |   156 |    33 ||   227
Block: Buckler           |    20 |    82 |       ||   102
